 Dungeon Crawl Stone Soup version 0.25-a0-420-g1cc7eeb0d1 (webtiles) character file.

Game seed: 327578811548614897, levelgen mode: deterministic

119 Jooffin the Skirmisher (level 5, 0/70 HPs)
             Began as a Hill Orc Berserker on Jan 19, 2020.
             Was a Believer of Trog.
             Slain by an orc warrior
             ... wielding a +0 dire flail
              (22 damage)
             ... on level 3 of the Dungeon.
             The game lasted 00:16:18 (1796 turns).

Jooffin the Skirmisher (Hill Orc Berserker)         Turns: 1796, Time: 00:16:18

Health: 0/70       AC:  8    Str: 26    XL:     5   Next: 3%
Magic:  5/5        EV: 11    Int:  7    God:    Trog [**....]
Gold:   104        SH:  0    Dex: 10    Spells: 4/4 levels left

rFire    . . .     SeeInvis .   a - +0 falchion
rCold    . . .     Gourm    .   (no shield)
rNeg     . . .     Faith    .   n - +1 scale mail
rPois    .         Spirit   .   (no helmet)
rElec    .         Reflect  .   (no cloak)
rCorr    .         Harm     +   s - +0 pair of gloves
MR       .....                  (no boots)
Stlth    ..........             r - amulet of harm
HPRegen  0.21/turn              j - ring of wizardry
MPRegen  0.09/turn              (no ring)

@: berserking, very quick
A: no striking features
a: Berserk, Trog's Hand, Renounce Religion


You were on level 3 of the Dungeon.
You worshipped Trog.
Trog was pleased with you.
You were hungry.

You visited 1 branch of the dungeon, and saw 3 of its levels.

You collected 104 gold pieces.

Inventory:

Hand Weapons
 a - a +0 falchion (weapon)
 f - a +0 dagger of flaming
Armour
 n - a +1 scale mail (worn)
 s - a +0 pair of gloves (worn)
Jewellery
 j - a ring of wizardry (left hand)
 r - an amulet of harm (around neck)
Scrolls
 e - 2 scrolls of teleportation
 k - a scroll of blinking {unknown}
 l - a scroll of magic mapping {unknown}
 o - 2 scrolls of identify {unknown}
 p - a scroll of remove curse {unknown}
 q - 2 scrolls of fog {unknown}
Potions
 b - a potion of heal wounds {unknown}
 d - a potion of lignification {unknown}
 g - 3 potions of flight {unknown}
 h - 3 potions of curing {unknown}
 i - 2 potions of berserk rage {unknown}
 m - a potion of ambrosia {unknown}
 u - a potion of agility {unknown}
Comestibles
 c - 3 rations
 t - 3 chunks of flesh


   Skills:
 + Level 4.8 Fighting
 + Level 4.5 Long Blades
 + Level 2.6 Armour
 + Level 2.3 Dodging
 + Level 0.1 Stealth


You had 4 spell levels left.
You didn't know any spells.
Your spell library was empty.

Dungeon Overview and Level Annotations

Branches:
Dungeon (3/15)

Altars:
Dithmenos
Fedhas
Gozag
Kikubaaqudgha
Nemelex Xobeh
Okawaru
Ru
Sif Muna

Shops:
D:2 *


Message History

You feel yourself moving faster!
You feel mighty!
You are feeling hungry.
The orc warrior hits you with a +0 dire flail!!
You are too injured to fight recklessly!
You are too injured to fight recklessly!
You are too injured to fight recklessly!
You are too injured to fight recklessly!
You are too injured to fight recklessly!
You are too injured to fight recklessly!
You are too injured to fight recklessly!
You hit the orc warrior.
The orc warrior is moderately wounded.
You hit the orc warrior.
The orc warrior is heavily wounded.
The orc warrior hits you with a +0 dire flail!
* * * LOW HITPOINT WARNING * * *
You hit the orc warrior.
The orc warrior is almost dead.
The orc warrior hits you with a +0 dire flail!!
You die...

#.# #.# ##.# ..#
#### # #
#.###....< #[
#.##.#..o.... #.
#...oo^#
.####.#####o###
........###@#
......#.......#
......###.#####
........#.#
......#.#.#
.........##
.........#####.
.###.#..#........
... #†).........


You could see an orc warrior and 2 orcs.

Vanquished Creatures
  4 adders
  3 oozes
  A dart slug (D:1)
  2 leopard geckos (D:2)
  2 giant cockroaches (D:2)
  9 goblins
  4 hobgoblins
  10 jackals
  8 kobolds
  8 bats
  6 frilled lizards
  8 rats
65 creatures vanquished.

Notes
Turn   | Place    | Note
-------+----------+-------------------------------------------
     0 | D:1      | Jooffin the Hill Orc Berserker began the quest for the Orb.
     0 | D:1      | Reached XP level 1. HP: 19/19 MP: 1/1
     2 | D:1      | Noticed a vine stalker
     2 | D:1      | Noticed a troll
     4 | D:1      | Noticed a naga
     4 | D:1      | Noticed a demigod
     6 | D:1      | Noticed a centaur
     6 | D:1      | Noticed a dwarf
     8 | D:1      | Noticed a spriggan
     8 | D:1      | Noticed an ogre
    10 | D:1      | Noticed an octopode
    10 | D:1      | Noticed a halfling
    12 | D:1      | Noticed a vampire
    12 | D:1      | Noticed a gargoyle
    14 | D:1      | Noticed a formicid
    16 | D:1      | Noticed a demonspawn
    16 | D:1      | Noticed a draconian
    18 | D:1      | Noticed a human
    18 | D:1      | Noticed an elf
    21 | D:1      | Noticed a tengu
    21 | D:1      | Noticed a ghoul
    23 | D:1      | Noticed a merfolk
    25 | D:1      | Noticed a felid
    25 | D:1      | Noticed a minotaur
    86 | D:1      | Reached XP level 2. HP: 12/27 MP: 2/2
   517 | D:1      | Reached XP level 3. HP: 24/34 MP: 3/3
   865 | D:2      | Found a shimmering blue altar of Sif Muna.
   866 | D:2      | Found an iron altar of Okawaru.
   876 | D:2      | Found a shadowy altar of Dithmenos.
   905 | D:2      | Found a sparkling altar of Nemelex Xobeh.
   968 | D:2      | Reached XP level 4. HP: 34/41 MP: 4/4
  1050 | D:2      | Reached ** piety under Trog
  1087 | D:2      | Found an opulent altar of Gozag.
  1092 | D:2      | Found Gozag's Platinum Reserve.
  1129 | D:2      | Found a sacrificial altar of Ru.
  1668 | D:3      | Found an ancient bone altar of Kikubaaqudgha.
  1674 | D:3      | Found a blossoming altar of Fedhas.
  1747 | D:3      | Reached XP level 5. HP: 47/47 MP: 5/5
  1780 | D:3      | Noticed an orc warrior
  1796 | D:3      | Slain by an orc warrior

Levels and vault maps discovered:
D:1:      kb_arrival_jail, layout_rooms
D:2:      layout_loops_ring, nemelex_xobeh_ov_fountains_minmay,
          nicolae_ru_awakened_eye, nicolae_gozag_zags_fifth_avenue,
          chequers_temple_overflow_statue_of_worship
D:3:      layout_loops_cross, grunt_temple_overflow_growth_and_decay,
          ebering_ghost_sewer_d

Skill      XL: |  1  2  3 |
---------------+----------+-----
Fighting       | 4 |  4.8
Dodging        | 2 |  2.3
Long Blades    | 4 |  4.5
Armour         | |  2.6
Stealth        | |  0.1

Action                   |  1- 3 |  4- 6 || total
-------------------------+-------+-------++-------
Melee: Falchion          |    82 |    83 ||   165
Invok: Berserk           |       |     1 ||     1
  Use: Scroll            |     4 |       ||     4
  Eat: Chunk             |       |     3 ||     3
Armor: Animal skin       |    17 |       ||    17
       Scale mail        |    13 |    40 ||    53
Dodge: Dodged            |    76 |    59 ||   135
       Rpst.: Falchion   |    28 |    15 ||    43

Table legend:
 A = Non-vault XP
 B = Vault XP
 C = Vault XP percentage of total XP
 D = Non-vault monster count
 E = Vault monster count
 F = Vault count percentage of total count
                 A         B        C        D         E       F
            +---------+---------+-------+---------+---------+-------
      Total |     170 |       0 |   0.0 |      65 |       0 |   0.0
            +---------+---------+-------+---------+---------+-------
        D:1 |      51 |       0 |   0.0 |      25 |       0 |   0.0
        D:2 |      78 |       0 |   0.0 |      25 |       0 |   0.0
        D:3 |      41 |       0 |   0.0 |      15 |       0 |   0.0
            +---------+---------+-------+---------+---------+-------
